 Dungeon Crawl Stone Soup version 0.26-a0-259-g1effd001a9 (webtiles) character file.

Game seed: 9443016549044033686

189 Ezendos the Sneak (level 5, -12/35 HPs)
             Began as an Octopode Venom Mage on July 10, 2020.
             Mangled by an ogre
             ... wielding a +0 giant club
              (13 damage)
             ... on level 3 of the Dungeon.
             The game lasted 00:11:53 (3843 turns).

Ezendos the Sneak (Octopode Venom Mage)             Turns: 3843, Time: 00:11:54

Health: -12/35     AC:  1    Str: 13    XL:     5   Next: 68%
Magic:  9/9        EV: 13    Int: 18    God:
Gold:   101        SH:  0    Dex: 13    Spells: 3/9 levels left

rFire    . . .     SeeInvis .   k - +2 hand axe (elec)
rCold    . . .     Faith    .   (no shield)
rNeg     . . .     Spirit   .   (helmet restricted)
rPois    .         Reflect  .   (no amulet)
rElec    .         Harm     .   h - ring of stealth
rCorr    .                      (no ring)
MR       .....                  p - +6 ring of strength
Stlth    +++++.....             (no ring)
HPRegen  0.11/turn              (no ring)
MPRegen  0.11/turn              (no ring)
                                (no ring)
                                (no ring)

@: no status effects
A: almost no armour, stealthy swim, amphibious, 8 rings, constrict 8, camouflage
1, gelatinous body 1
a: no special abilities


You were on level 3 of the Dungeon.
You were not hungry.

You visited 1 branch of the dungeon, and saw 4 of its levels.

You collected 101 gold pieces.

Inventory:

Hand Weapons
 i - a +0 dagger
 k - a +2 hand axe of electrocution (weapon)
Missiles
 e - 34 stones (quivered)
Armour
 a - a +0 buckler
Jewellery
 h - a ring of stealth (left tentacle)
 p - a +6 ring of strength (on tentacle)
Wands
 f - a wand of flame (11)
Scrolls
 b - 2 scrolls of remove curse
 d - a scroll of teleportation {unknown}
 j - a scroll of magic mapping {unknown}
Potions
 c - 2 potions of flight
 g - a potion of lignification {unknown}
 m - a potion of curing {unknown}
 n - a potion of ambrosia {unknown}
 o - a potion of stabbing {unknown}
Comestibles
 l - 7 rations


   Skills:
 - Level 2.4 Fighting
 - Level 2.0 Dodging
 - Level 4.8 Stealth
 + Level 1.6 Shields
 - Level 2.7 Spellcasting
 - Level 1.0 Transmutations
 - Level 4.4 Poison Magic


You had 3 spell levels left.
You knew the following spells:

 Your Spells              Type           Power        Failure   Level
a - Sting                 Tmut/Pois      ##..         5%          1
b - Poisonous Vapours     Pois/Air       ##....       11%         2
c - Mephitic Cloud        Conj/Pois/Air  #.......     28%         3

Your spell library contained the following spells:

 Spells                   Type           Power        Failure   Level
 Ignite Poison            Fire/Tmut/Pois #.......     24%         3
 Olgreb's Toxic Radiance  Pois           ###.....     26%         4


Dungeon Overview and Level Annotations

Branches:
Dungeon (4/15)
 Temple: D:4-7

Altars:


Innate Abilities, Weirdness & Mutations

You cannot wear most types of armour.
You are very stealthy in the water. (Stealth+)
You are amphibious.
You can wear up to eight rings at the same time.
You can use your tentacles to constrict eight enemies at once.
Your skin changes colour to match your surroundings (Stealth+).
Your rubbery body absorbs attacks. (AC +1, EV +1)


Message History

a +0 robe; a +0 dagger
(D) Dungeon
Where to? (Enter - D:3 @ (x,y), ? - help)
There is a stone staircase leading down here.
You climb downwards.
A quokka, a hound, a giant cockroach and an ogre come into view.
The hound barks!
The ogre shouts!
The hound bites you.
Found 2 rations.
There is a stone staircase leading up, spattered with blood here.
The hound bites you.
The ogre hits you with a +0 giant club!!
Ouch! That really hurt!
* * * LOW HITPOINT WARNING * * *
You climb upwards.
There is a stone staircase leading down here.
The hound bites you.
* * * LOW HITPOINT WARNING * * *
The ogre hits you with a +0 giant club!
You die...

### #.####.####....)..
..####### #.####.# #...#...
........# ######......#
#?......
...####.###.......#####
#....... ...#
#......#####.# #..#....
...# ##=##### #.# #.......
...# ### ##.###### #......#
...# #.......# ###...##
#### ##@..###.# #...# #
#########Oh...##.# #...## #
#.....##.>.....#.#####...).
#
#.....###.....##...........
###
#..).........###...........
..#
#.....###..................
..# #.....#
#.###.######.#..... ..#
####### #)###.# #.#...#.
..##### #..รท..# #.#...#.


You could see an ogre and a hound.

Vanquished Creatures
  An orc priest (D:3)
  An orc wizard (D:3)
  Robin (D:2)
  4 adders (D:2)
  An ooze (D:1)
  A worm (D:2)
  2 dart slugs (D:1)
  3 leopard geckos
  6 orcs
  7 bats
  3 giant cockroaches
  13 goblins
  10 hobgoblins
  A quokka (D:2)
  3 frilled lizards
  5 kobolds
  9 rats
71 creatures vanquished.

Notes
Turn   | Place    | Note
-------+----------+-------------------------------------------
     0 | D:1      | Ezendos the Octopode Venom Mage began the quest for the
                  | Orb.
     0 | D:1      | Reached XP level 1. HP: 11/11 MP: 3/3
   440 | D:1      | Reached skill level 1 in Fighting
   440 | D:1      | Reached XP level 2. HP: 18/18 MP: 5/5
   860 | D:1      | Learned a level 2 spell: Poisonous Vapours
  1073 | D:2      | Reached XP level 3. HP: 19/23 MP: 2/6
  1721 | D:2      | Reached XP level 4. HP: 29/29 MP: 3/7
  1773 | D:2      | Learned a level 3 spell: Mephitic Cloud
  2116 | D:2      | Noticed Robin
  2244 | D:2      | Killed Robin
  2961 | D:3      | Reached XP level 5. HP: 34/34 MP: 4/8
  3169 | D:3      | Reached skill level 1 in Shields
  3430 | D:3      | Noticed an ice beast
  3839 | D:4      | Noticed an ogre
  3843 | D:3      | HP: 1/35 [hound (6)]
  3843 | D:3      | Mangled by an ogre

Illustrated notes

Levels and vault maps discovered:
D:1:      lemuel_arrival_lava_pool, layout_loops_cross, minmay_parallelograms,
          serial_bayou_crossing
D:2:      cheibrodos_old_hovel, layout_basic, uniq_robin
D:3:      layout_loops_cross
D:4:      layout_gridville, makhleb_blood_cavern_becter, first_ration,
          minmay_bisected

Skill      XL: |  1  2  3  4  5 |
---------------+----------------+-----
Stealth        | 3 4 |  4.8
Fighting       | 1 2 |  2.4
Poison Magic   | 4 |  4.4
Shields        | 1 |  1.6
Dodging        | |  2.0
Spellcasting   | |  2.7
Transmutations | |  1.0

Action                   |  1- 3 |  4- 6 || total
-------------------------+-------+-------++-------
Melee: Unarmed           |    26 |       ||    26
       Tentacles         |     6 |     3 ||     9
       Constrict         |     7 |     7 ||    14
       Dagger            |     7 |    12 ||    19
       Hand axe          |       |     8 ||     8
 Cast: Sting             |    20 |     4 ||    24
       Poisonous Vapours |    11 |    43 ||    54
Evoke: Wand              |       |     2 ||     2
  Use: Scroll            |     5 |     2 ||     7
 Stab: Sleeping          |     5 |     6 ||    11
  Eat: Ration            |     2 |     1 ||     3
Armor: Skin              |     3 |       ||     3
Dodge: Dodged            |    28 |     4 ||    32

Table legend:
 A = Non-vault XP
 B = Vault XP
 C = Vault XP percentage of total XP
 D = Non-vault monster count
 E = Vault monster count
 F = Vault count percentage of total count
                 A         B        C        D         E       F
            +---------+---------+-------+---------+---------+-------
      Total |     234 |      36 |  13.3 |      59 |      12 |  16.9
            +---------+---------+-------+---------+---------+-------
        D:1 |      31 |       0 |   0.0 |      14 |       0 |   0.0
        D:2 |      96 |      36 |  27.3 |      30 |      12 |  28.6
        D:3 |      93 |       0 |   0.0 |      10 |       0 |   0.0
        D:4 |      14 |       0 |   0.0 |       5 |       0 |   0.0
            +---------+---------+-------+---------+---------+-------
